 Dungeon Crawl Stone Soup version 0.29-a0-330-g52719c12eb (webtiles) character file.

Game seed: 7916356533536803121

24 kae the Firebug (level 2, 0/22 HPs)
             Began as a Demigod Fire Elementalist on Apr 21, 2022.
             Slain by Natasha (13 damage)
             ... on level 2 of the Dungeon.
             The game lasted 00:01:04 (2136 turns).

kae the Firebug (Demigod Fire Elementalist)         Turns: 2136, Time: 00:01:05

Health: 0/22       AC:  4    Str:  9    XL:     2   Next: 60%
Magic:  1/7        EV: 12    Int: 17    God:
Gold:   52         SH:  0    Dex: 14    Spells: 2/5 levels left

rFire   . . .      SeeInvis .   (no weapon)
rCold   . . .      Faith    .   (no shield)
rNeg    . . .      Spirit   .   a - +0 robe
rPois   .          Reflect  .   (no helmet)
rElec   .          Harm     .   e - +1 cloak
rCorr   .          Rampage  .   (no gloves)
Will    .....                   (no boots)
Stlth   ++........              (no amulet)
HPRegen 0.07/turn               (no ring)
MPRegen 0.10/turn               (no ring)

@: very slightly contaminated
A: high MP 1, forlorn, divine attributes
a: no special abilities


You were on level 2 of the Dungeon.
You visited 1 branch of the dungeon, and saw 2 of its levels.

You collected 52 gold pieces.

Inventory:

Armour
 a - a +0 robe (worn)
 e - a +1 cloak (worn)
Jewellery
 c - an amulet of the acrobat
Potions
 b - a potion of magic


   Skills:
 + Level 0.7 Fighting
 - Level 1.7 Dodging
 - Level 1.7 Stealth
 + Level 2.0 Spellcasting
 + Level 1.3 Conjurations
 * Level 3.1 Fire Magic


You had 2 spell levels left.
You knew the following spells:

 Your Spells              Type           Power      Damage    Failure   Level
a - Foxfire               Conj/Fire      36%        2x1d5     8%          1
b - Scorch                Fire           24%        2d6       8%          2

Your spell library contained the following spells:

 Spells                   Type           Power      Damage    Failure   Level
 Conjure Flame            Conj/Fire      9%         6-21      22%         3
 Inner Flame              Hex/Fire       7%         N/A       30%         3
 Flame Wave               Conj/Fire      9%         2d5       58%         4


Dungeon Overview and Level Annotations

Branches:
Dungeon (2/15)

Annotations:
D:2 Natasha, Sigmund


Innate Abilities, Weirdness & Mutations

You have an increased reservoir of magic. (+10% MP)
You shall have no god before yourself.
Your divine heritage dramatically boosts your attributes as you level up.


Message History

The magic dart hits you!
The crimson imp blinks!
The crimson imp attacks as you move away!
The crimson imp hits you but does no damage.
The crimson imp blinks!
Natasha casts a spell at you. You resist with significant effort.
There is a stone staircase leading up here.
Natasha stares at you and mumbles some strange words.
You feel yourself slow down.
You climb upwards.
There is a stone staircase leading down here.
You start resting.
You feel yourself speed up.
You start resting.
HP restored.
You climb downwards.
Level annotation: Natasha, Sigmund
There is a stone staircase leading up here.
Casting: Foxfire (safe; 8% risk of failure)
Confirm with . or Enter, or press ? or * to list all spells.
Flames lash Natasha.
Natasha is moderately wounded.
Natasha's fire resistance burns away.
Natasha mumbles some strange words.
Casting: Scorch (safe; 8% risk of failure)
Confirm with . or Enter, or press ? or * to list all spells.
You miscast Scorch.
You are very lightly contaminated with residual magic.
Nothing appears to happen.
Natasha drinks a potion.
Natasha seems to grow stronger.
Casting: Scorch (safe; 8% risk of failure)
Confirm with . or Enter, or press ? or * to list all spells.
You miscast Scorch.
Nothing appears to happen.
Natasha is no longer more vulnerable to fire.
Natasha claws you!
You hit Natasha but do no damage.
Natasha is moderately wounded.
Natasha claws you!
Ouch! That really hurt!
You die...

#@ ... #.#+#.##
....... #.# .....
#.# ..... #.#.# ..#
####.#.###.# ##..
#......#@#.# ...###
#.##.#.5h#.# ...#..
#.#..###.#.#
...#.####.#......#.#
..........5.......>#
...#...........#####
...#....####5#.#
..5.....# #.#.#
..###.######.#.#


You could see Natasha (strong) and a crimson imp (summoned).

Vanquished Creatures
  A dart slug (D:1)
  A bat (D:1)
  3 endoplasms (D:1)
  3 goblins
  2 hobgoblins (D:1)
  2 quokkas (D:1)
  2 ball pythons (D:1)
  2 frilled lizards (D:1)
  2 kobolds (D:1)
  2 rats (D:1)
20 creatures vanquished.

Vanquished Creatures (others)
  70 foxfires
70 creatures vanquished.

Grand Total: 90 creatures vanquished

Notes
Turn   | Place    | Note
-------+----------+-------------------------------------------
     0 | D:1      | kae the Demigod Fire Elementalist began the quest for the
                  | Orb.
     0 | D:1      | Reached XP level 1. HP: 14/14 MP: 5/5
   116 | D:1      | Reached skill level 1 in Conjurations
   752 | D:1      | Reached skill level 3 in Fire Magic
   752 | D:1      | Reached XP level 2. HP: 6/22 MP: 0/7
   986 | D:1      | Learned a level 2 spell: Scorch
  1983 | D:2      | Noticed Sigmund
  2004 | D:2      | Noticed Natasha
  2136 | D:2      | Slain by Natasha

Illustrated notes

Levels and vault maps discovered:
D:1:      kennysheep_arrival_forest, layout_basic,
          chequers_ecumenical_altar_simple
D:2:      layout_basic, uniq_natasha, uniq_sigmund

Skill      XL: |  1  2 |
---------------+-------+-----
Conjurations   | 1 |  1.3
Fire Magic     | 3 |  3.1
Spellcasting   | 2 |  2.0
Fighting       | |  0.7
Dodging        | |  1.7
Stealth        | |  1.7

Action                   || total
-------------------------++-------
Melee: Unarmed           ||     8
 Cast: Foxfire           ||    50
       Scorch            ||     3
  Use: Scroll            ||     3
       Potion            ||     1
Armor: Robe              ||     6
Dodge: Dodged            ||    19

Table legend: (Time is in decaauts)
 A = Elapsed time spent in this place.
 B = Non-inter-level travel time spent in this place.
 C = Inter-level travel time spent in this place.
 D = Time resting spent in this place.
 E = Time spent auto-exploring this place.
 F = Levels seen in this place.
 G = Mean time per level.
                   A        B        C        D        E       F      G
               +--------+--------+--------+--------+--------+-----+--------+
         Total |   2142 |   2130 |     12 |    109 |   1798 |   2 | 1071.0 |
       Dungeon |   2142 |   2130 |     12 |    109 |   1798 |   2 | 1071.0 |
               +--------+--------+--------+--------+--------+-----+--------+

Top non-repeatable levels by time:
     D:1: 2026 daAuts
     D:2: 116 daAuts
